 Dungeon Crawl Stone Soup version 0.19.1 (webtiles) character file.

88 LadySerpentine the Digger (level 4, -3/40 HPs)
             Began as a Troll Earth Elementalist on Dec 2, 2016.
             Slain by a gnoll
             ... wielding a +0 spear
              (6 damage)
             ... on level 2 of the Dungeon.
             The game lasted 00:09:47 (1115 turns).

LadySerpentine the Digger (TrEE)                    Turns: 1115, Time: 00:09:47

Health: -3/40      AC:  5    Str: 16    XL:     4   Next: 30%
Magic:  4/5        EV: 10    Int: 12    God:
Gold:   28         SH:  0    Dex: 10    Spells: 2 memorised, 3 levels left

rFire  . . .     SeeInvis .       - Unarmed
rCold  . . .     Gourm    +     c - +0 robe
rNeg   . . .     Faith    .     (no shield)
rPois  .         Spirit   .     (helmet restricted)
rElec  .         Reflect  .     (no cloak)
rCorr  .         Harm     .     (gloves unavailable)
MR     .....                    (boots unavailable)
Stlth  +.........               (no amulet)
                                (no ring)
                                (no ring)

@: no status effects
A: unfitting armour, claws 3, fast metabolism 3, gourmand, regeneration 1,
shaggy fur 1, tough skin 2
a: no special abilities


You were on level 2 of the Dungeon.
You were full.

You visited 1 branch of the dungeon, and saw 2 of its levels.

You collected 28 gold pieces.

Inventory:

Hand Weapons
 j - a +1 dagger of venom
 k - a +3 short sword
Missiles
 b - 59 stones
 g - 6 large rocks (quivered)
Armour
 c - a +0 robe (worn)
 l - a +0 robe
Scrolls
 a - a scroll of fear {unknown}
 f - a scroll of identify {unknown}
 n - a scroll of noise {unknown}
Potions
 m - a potion of flight {unknown}
Books
 e - a book of Geomancy

   Spells                             Type                      Level
   a - Sandblast                      Earth                        1
   b - Passwall                       Transmutation/Earth          2
   c - Stone Arrow                    Conjuration/Earth            3
   d - Petrify                        Transmutation/Earth          4
   e - Lee's Rapid Deconstruction     Earth                        5
Comestibles
 d - a bread ration
 h - a beef jerky
 i - 2 meat rations


   Skills:
 + Level 0.7 Fighting
 + Level 2.3 Dodging
 + Level 1.0 Stealth
 + Level 1.1 Unarmed Combat
 + Level 1.6 Spellcasting
 + Level 0.6 Transmutations
 + Level 3.3 Earth Magic


You had 3 spell levels left.
You knew the following spells:

 Your Spells              Type           Power        Failure   Level  Hunger
a - Sandblast             Erth           #.....       10%         1    ##.....
b - Passwall              Tmut/Erth      #.........   21%         2    ###....


Dungeon Overview and Level Annotations

Branches:
Dungeon (2/15)

Altars:


Innate Abilities, Weirdness & Mutations

You are too large for most types of armour.
You have claws for hands.
Your metabolism is lightning-fast.
You like to eat raw meat.
Your natural rate of healing is unusually fast.
You are covered in fur. (AC +1)
You have very tough skin. (AC +2)


Message History

The gnoll hits you from afar with a spear.
The gnoll hits you but does no damage. The rat completely misses you.
The gnoll hits you with a halberd! The gnoll hits you with a spear.
* * * LOW HITPOINT WARNING * * *
The gnoll hits you with a spear.
* * * LOW HITPOINT WARNING * * *
You see here a flail.
You claw the gnoll!
The gnoll is almost dead.
The rat barely misses you. The gnoll hits you with a spear!
* * * LOW HITPOINT WARNING * * *
The gnoll closely misses you. The gnoll barely misses you.
You scratch the gnoll.
You kill the gnoll!
Your Unarmed Combat skill increases to level 1!
The rat barely misses you. The gnoll hits you but does no damage.
The gnoll closely misses you. The rat bites you but does no damage.
The gnoll hits you with a spear.
You die...

.#.###.# .### # ...###.#
#. .......#.# #.
..<......) #.
.......#...###.### ## #
.......... ......##.##.#
.##....... #..?.......
.# ##...#..###.g@g.....#
.###...........r).......
...........###.#.##.####
.###.#...........# #
.†...##....###...# #
>....##....###...##.###
.....##................
....................###
.....##........####.#


You could see 2 gnolls and a rat.

Vanquished Creatures
  Ijyb (D:2)
  2 gnolls (D:2)
  2 dart slugs (D:1)
  A leopard gecko (D:1)
  3 giant cockroaches
  A goblin (D:1)
  2 hobgoblins (D:1)
  7 jackals (D:1)
  6 kobolds
  5 bats (D:1)
  2 frilled lizards
  7 rats
39 creatures vanquished.

Notes
Turn   | Place    | Note
-------+----------+-------------------------------------------
     0 | D:1      | LadySerpentine the Troll Earth Elementalist began the quest for the Orb.
     0 | D:1      | Reached XP level 1. HP: 16/16 MP: 1/1
   139 | D:1      | Reached skill level 3 in Earth Magic
   179 | D:1      | Reached XP level 2. HP: 24/24 MP: 0/3
   219 | D:1      | Learned a level 2 spell: Passwall
   497 | D:1      | Reached XP level 3. HP: 31/31 MP: 1/4
  1021 | D:2      | Noticed Ijyb
  1032 | D:2      | Killed Ijyb
  1034 | D:2      | Reached XP level 4. HP: 36/40 MP: 3/5
  1113 | D:2      | HP: 2/40 [gnoll/spear (9)]
  1114 | D:2      | Reached skill level 1 in Unarmed Combat
  1115 | D:2      | Slain by a gnoll

Skill      XL: |  1  2  3  4 |
---------------+-------------+-----
Earth Magic    | 3 |  3.3
Dodging        | 2 |  2.3
Unarmed Combat | 1 |  1.1
Fighting       | |  0.7
Stealth        | |  1.0
Spellcasting   | |  1.6
Transmutations | |  0.6

Action                   |  1- 3 |  4- 6 || total
-------------------------+-------+-------++-------
Melee: Unarmed           |   105 |    12 ||   117
 Cast: Sandblast         |     7 |     2 ||     9
       Passwall          |     2 |       ||     2
  Eat: Chunk             |     9 |       ||     9
       Bread ration      |     1 |       ||     1
Armor: Robe              |    90 |    10 ||   100
Dodge: Dodged            |   110 |    18 ||   128
